 Dungeon Crawl Stone Soup version 0.29.0-4-gdea44cf6ec (webtiles) character file.

Game seed: 16021328968542039032

336 qw the Chopper (level 6, -1/35 HPs)
             Began as a Tengu Warper on Aug 28, 2022.
             Was an Initiate of Okawaru.
             Slain by Duvessa
             ... wielding a +0 short sword
              (4 damage)
             ... on level 5 of the Dungeon.
             The game lasted 00:00:30 (4728 turns).

qw the Chopper (Tengu Warper)                       Turns: 4728, Time: 00:00:31

Health: -1/35      AC:  9    Str: 13    XL:     6   Next: 54%
Magic:  9/9        EV:  7    Int: 13    God:    Okawaru [......]
Gold:   228        SH:  6    Dex: 14    Spells: 9/9 levels left

rFire   . . .      SeeInvis +   Y - +0 war axe (vorpal)
rCold   . . .      Faith    .   d - +2 buckler
rNeg    . . .      Spirit   .   g - +0 chain mail
rPois   .          Reflect  .   (helmet restricted)
rElec   .          Harm     .   (no cloak)
rCorr   +          Rampage  .   f - +0 pair of gloves
Will    .....                   (boots unavailable)
Stlth   ..........              (no amulet)
HPRegen 0.11/turn               i - ring of resist corrosion
MPRegen 0.11/turn               h - ring of see invisible

@: lethally poisoned (-1 -> -10), flying quickly and evasively, quick
A: beak, talons 3, nimble flight, low MP 1, mutation resistance 1
a: Renounce Religion


You were on level 5 of the Dungeon.
You worshipped Okawaru.
Okawaru was noncommittal.
You visited 2 branches of the dungeon, and saw 6 of its levels.

You collected 228 gold pieces.


Innate Abilities, Weirdness & Mutations

You have a beak for a mouth.
You have claws for feet.
Your magical nature lets you fly swiftly and evasively.
Your magical capacity is low. (-10% MP)
You are somewhat resistant to further mutation.


   Skills:
 - Level 2.0 Fighting
 + Level 6.6 Axes
 - Level 1.0 Throwing
 - Level 2.4 Armour
 - Level 2.1 Dodging
 - Level 1.5 Shields
 - Level 2.0 Spellcasting
 - Level 2.4 Translocations


You had 9 spell levels left.
You didn't know any spells.
Your spell library contained the following spells:

 Spells                   Type           Power      Damage    Failure   Level
 Blink                    Tloc           14%        N/A       99%         2
 Gell's Gravitas          Tloc           7%         N/A       100%        3
 Lesser Beckoning         Tloc           7%         N/A       100%        3
 Teleport Other           Tloc           7%         N/A       100%        3
 Manifold Assault         Tloc           7%         N/A       100%        5

Inventory:

Hand Weapons
 c - a +0 flail
 Y - a +0 vorpal war axe (weapon)
Missiles
 a - 7 boomerangs (quivered)
Armour
 d - a +2 buckler (worn)
 f - a +0 pair of gloves (worn)
 g - a +0 chain mail (worn)
Jewellery
 h - a ring of see invisible (right hand)
 i - a ring of resist corrosion (left hand)
Scrolls
 b - 2 scrolls of teleportation
 k - 2 scrolls of identify
Potions
 l - a potion of haste
 m - a potion of heal wounds
 o - a potion of curing

Dungeon Overview and Level Annotations

Branches:
Dungeon (5/15)             Temple (1/1) D:4

Altars:
Cheibriados
Dithmenos
Fedhas
Gozag
Kikubaaqudgha
Makhleb
Okawaru
Ru
Sif Muna
Vehumet
Wu Jian
Xom
Zin

Shops:
D:2 =

Annotations:
D:5 Dowan, Duvessa


Message History

Press: ? - help, Q - select action Shift-Dir - straight line, f - iguana You throw a boomerang.
The boomerang closely misses the iguana.
You closely miss the iguana. You block the iguana's attack.
Dowan says, "Where the sword fails, magic succeeds!"
You barely miss Duvessa. Your kick misses Duvessa. Your peck misses Duvessa.
You completely miss the iguana. The iguana bites you.
Duvessa hits you but does no damage.
You barely miss Duvessa. You claw Duvessa, but do no damage.
You hit the iguana. Duvessa hits you but does no damage.
The iguana bites you but does no damage.
Dowan gestures at you while chanting. The puff of flame hits you.
The iguana bites you but does no damage.
You block Duvessa's attack.
You barely miss the iguana. You claw the iguana.
The iguana is moderately wounded.
You barely miss Dowan. You hit Duvessa. The iguana barely misses you.
Dowan barely misses you. Duvessa hits you with a +0 short sword!
You hit the iguana.
The iguana is severely wounded.
You closely miss Dowan. You barely miss Duvessa. The iguana bites you.
Duvessa hits you with a +0 short sword.
Dowan hits you with a +2 dagger of venom.
You are poisoned.
You hit the iguana but do no damage.
The iguana is severely wounded.
You hit Dowan but do no damage. You hit Duvessa.
You feel sick. The iguana barely misses you. You block Duvessa's attack.
Dowan hits you but does no damage.
You are more poisoned.
You barely miss the iguana. Your kick misses the iguana.
The iguana is severely wounded.
You miss Dowan. You hit Duvessa.
You feel very sick. Dowan hits you but does no damage. The iguana bites you!
Duvessa hits you with a +0 short sword.
You die...

.......#.
##..#.....
....#.....
# e......
###. ......
...###...#
...#...#
#e#l..#.#
#.@e....#
#......##
.~.[~##.#
~...~.~~
...
7..#.~~#~.#
### ..
~..~~.~# ~
~~~#~.~.#
~~~.~. ~~.


You could see Duvessa, Dowan and an iguana.

Vanquished Creatures
  An orc priest (D:4)
  A hound (D:4)
  2 iguanas (D:4)
  2 orc wizards (D:3)
  A statue (D:4)
  7 adders
  3 worms
  3 dart slugs
  12 orcs
  3 ball pythons
  4 endoplasms
  4 giant cockroaches
  10 hobgoblins
  A quokka (D:4)
  8 bats
  6 frilled lizards
  3 goblins
  6 kobolds
  9 rats (D:1)
86 creatures vanquished.

Vanquished Creatures (others)
  3 fungi (D:4)
3 creatures vanquished.

Grand Total: 89 creatures vanquished

Notes
Turn   | Place    | Note
-------+----------+-------------------------------------------
     0 | D:1      | qw the Tengu Warper began the quest for the Orb.
     0 | D:1      | Reached XP level 1. HP: 12/12 MP: 4/4
     0 | D:1      | 0 ||| qw: Version: 0.1-a-89-g26bdef1
     0 | D:1      | 0 ||| qw: Game counter: 869
     0 | D:1      | 0 ||| qw: Always use a shield: true
     0 | D:1      | 0 ||| qw: God list: Okawaru
     0 | D:1      | 0 ||| qw: Allow faded altars: false
     0 | D:1      | 0 ||| qw: Do Orc after D:15 true
     0 | D:1      | 0 ||| qw: Do second Lair branch before Depths: true
     0 | D:1      | 0 ||| qw: Lair rune preference: random
     0 | D:1      | 0 ||| qw: Plans: Normal
     0 | D:1      | 0 ||| PLANNING D:1-11
   138 | D:1      | 138 ||| Stepping ~*~*~tactically~*~*~ (stealth).
   139 | D:1      | 139 ||| Stepping ~*~*~tactically~*~*~ (stealth).
   141 | D:1      | 141 ||| Stepping ~*~*~tactically~*~*~ (stealth).
   142 | D:1      | 142 ||| Stepping ~*~*~tactically~*~*~ (stealth).
   151 | D:1      | 151 ||| Stepping ~*~*~tactically~*~*~ (hiding).
   154 | D:1      | 154 ||| Stepping ~*~*~tactically~*~*~ (stealth).
   155 | D:1      | 155 ||| Stepping ~*~*~tactically~*~*~ (stealth).
   158 | D:1      | 158 ||| Stepping ~*~*~tactically~*~*~ (hiding).
   164 | D:1      | Reached skill level 3 in Axes
   164 | D:1      | Reached XP level 2. HP: 16/17 MP: 6/6
   343 | D:1      | 343 ||| Stepping ~*~*~tactically~*~*~ (stealth).
   347 | D:1      | 347 ||| Stepping ~*~*~tactically~*~*~ (stealth).
   350 | D:1      | 350 ||| Stepping ~*~*~tactically~*~*~ (stealth).
   474 | D:1      | Found a faded altar of an unknown god.
   488 | D:1      | Reached XP level 3. HP: 18/21 MP: 7/7
   558 | D:1      | 558 ||| Stepping ~*~*~tactically~*~*~ (stealth).
   756 | D:1      | Reached skill level 4 in Axes
   864 | D:1      | 864 ||| UPGRADING to +0 chain mail.
   874 | D:1      | 874 ||| DROPPING +0 leather armour.
   875 | D:1      | 875 ||| UPGRADING to ring of resist corrosion.
   876 | D:1      | 876 ||| READING 2 scrolls labelled FICRIY CYKHLIFF.
   877 | D:1      | 877 ||| READING scroll labelled AGRUYC ROGANERPHYM.
   878 | D:1      | 878 ||| READING scroll labelled XYOHOKK OWAYRPH.
   879 | D:1      | 879 ||| READING scroll labelled SUXTEOD PYOXYD.
   883 | D:1      | 883 ||| DROPPING scroll of fog.
   884 | D:1      | 884 ||| DROPPING scroll of blinking.
  1028 | D:2      | 1028 ||| Stepping ~*~*~tactically~*~*~ (stealth).
  1029 | D:2      | 1029 ||| Stepping ~*~*~tactically~*~*~ (stealth).
  1355 | D:2      | Found Ampim's Jewellery Emporium.
  1362 | D:2      | Reached XP level 4. HP: 24/26 MP: 8/8
  1407 | D:2      | 1407 ||| Stepping ~*~*~tactically~*~*~ (stealth).
  1442 | D:2      | 1442 ||| SHOPLISTING amulet of guardian spirit (420 gold,
                  | have 99).
  1442 | D:2      | 1442 ||| SHOPLISTING amulet of reflection (420 gold, have
                  | 99).
  1442 | D:2      | 1442 ||| SHOPLISTING amulet of the acrobat (420 gold, have
                  | 99).
  1442 | D:2      | 1442 ||| SHOPLISTING ring "Quomo" {rN+ Will+ Str+4} (624
                  | gold, have 99).
  1442 | D:2      | 1442 ||| SHOPLISTING ring of fire (350 gold, have 99).
  1442 | D:2      | 1442 ||| SHOPLISTING ring of poison resistance (280 gold,
                  | have 99).
  1663 | D:2      | 1663 ||| Stepping ~*~*~tactically~*~*~ (stealth).
  1782 | D:2      | Reached skill level 5 in Axes
  2018 | D:2      | 2018 ||| UPGRADING to +2 buckler.
  2023 | D:2      | 2023 ||| UPGRADING to +0 pair of gloves.
  2028 | D:2      | 2028 ||| READING scroll labelled KAHAIM CIYMN.
  2029 | D:2      | 2029 ||| DRINKING 2 fuming inky potions.
  2030 | D:2      | 2030 ||| DRINKING 3 purple potions.
  2031 | D:2      | 2031 ||| DROPPING potion of brilliance.
  2393 | D:3      | 2393 ||| Stepping ~*~*~tactically~*~*~ (stealth).
  2414 | D:3      | Reached skill level 1 in Shields
  2414 | D:3      | Gained mutation: Your magical nature lets you fly swiftly
                  | and evasively. [Tengu growth]
  2414 | D:3      | Reached XP level 5. HP: 15/30 MP: 9/9
  2432 | D:3      | 2432 ||| FLEEEEING.
  2433 | D:3      | 2433 ||| FLEEEEING.
  2434 | D:3      | 2434 ||| FLEEEEING.
  2438 | D:3      | 2438 ||| FLEEEEING.
  2439 | D:3      | 2439 ||| FLEEEEING.
  2440 | D:3      | 2440 ||| FLEEEEING.
  2441 | D:3      | 2441 ||| FLEEEEING.
  2442 | D:3      | 2442 ||| FLEEEEING.
  2443 | D:3      | 2443 ||| FLEEEEING.
  2444 | D:3      | 2444 ||| FLEEEEING.
  2445 | D:3      | 2445 ||| FLEEEEING.
  2446 | D:3      | 2446 ||| FLEEEEING.
  2447 | D:3      | 2447 ||| FLEEEEING.
  2448 | D:3      | 2448 ||| FLEEEEING.
  2449 | D:3      | 2449 ||| FLEEEEING.
  2450 | D:3      | 2450 ||| FLEEEEING.
  2451 | D:3      | 2451 ||| FLEEEEING.
  2452 | D:3      | 2452 ||| FLEEEEING.
  2453 | D:3      | 2453 ||| FLEEEEING.
  2454 | D:3      | 2454 ||| FLEEEEING.
  2455 | D:3      | 2455 ||| FLEEEEING.
  2456 | D:3      | 2456 ||| FLEEEEING.
  2457 | D:3      | 2457 ||| FLEEEEING.
  2458 | D:3      | 2458 ||| FLEEEEING.
  2459 | D:3      | 2459 ||| FLEEEEING.
  2470 | D:3      | 2470 ||| FLEEEEING.
  2471 | D:3      | 2471 ||| FLEEEEING.
  2472 | D:3      | 2472 ||| FLEEEEING.
  2473 | D:3      | 2473 ||| FLEEEEING.
  2474 | D:3      | 2474 ||| FLEEEEING.
  2495 | D:3      | 2495 ||| FLEEEEING.
  2496 | D:3      | 2496 ||| FLEEEEING.
  2497 | D:3      | 2497 ||| FLEEEEING.
  2498 | D:3      | 2498 ||| FLEEEEING.
  2499 | D:3      | 2499 ||| FLEEEEING.
  2500 | D:3      | 2500 ||| FLEEEEING.
  2501 | D:3      | 2501 ||| FLEEEEING.
  2502 | D:3      | 2502 ||| FLEEEEING.
  2503 | D:3      | 2503 ||| FLEEEEING.
  2504 | D:3      | 2504 ||| FLEEEEING.
  2505 | D:3      | 2505 ||| FLEEEEING.
  2509 | D:3      | 2509 ||| STAIRDANCE
  2568 | D:2      | 2568 ||| DROPPING +0 mace.
  2569 | D:2      | 2569 ||| READING scroll labelled JURAWIOC FUPA.
  2570 | D:2      | 2570 ||| DRINKING 2 sedimented silvery potions.
  2607 | D:3      | 2607 ||| DRINKING 2 potions of curing.
  2607 | D:3      | 2607 ||| (to cure poison)
  2685 | D:3      | 2685 ||| FLEEEEING.
  2702 | D:3      | 2702 ||| DRINKING potion of curing.
  2702 | D:3      | 2702 ||| (to cure poison)
  2711 | D:3      | 2711 ||| Stepping ~*~*~tactically~*~*~ (stealth).
  2971 | D:3      | Found a glowing silver altar of Zin.
  2974 | D:3      | Found a sacrificial altar of Ru.
  3318 | D:3      | 3318 ||| UPGRADING to ring of see invisible.
  3319 | D:3      | 3319 ||| DROPPING +6 ring of intelligence.
  3320 | D:3      | 3320 ||| READING scroll labelled SYALOG NINLA.
  3321 | D:3      | 3321 ||| DRINKING 2 metallic ruby potions.
  3321 | D:3      | Gained mutation: A frigid envelope surrounds you and
                  | freezes all who hurt you. [potion of mutation]
  3321 | D:3      | Gained mutation: You sometimes lose your temper in combat.
                  | [potion of mutation]
  3321 | D:3      | Gained mutation: Your magical capacity is low. (-10% MP)
                  | [potion of mutation]
  3321 | D:3      | Gained mutation: You are somewhat resistant to further
                  | mutation. [potion of mutation]
  3322 | D:3      | 3322 ||| DRINKING potion of mutation.
  3322 | D:3      | Lost mutation: A frigid envelope surrounds you and freezes
                  | all who hurt you. [potion of mutation]
  3322 | D:3      | Lost mutation: You sometimes lose your temper in combat.
                  | [potion of mutation]
  3358 | D:4      | 3358 ||| Stepping ~*~*~tactically~*~*~ (stealth).
  3386 | D:4      | 3386 ||| Stepping ~*~*~tactically~*~*~ (stealth).
  3400 | D:4      | Reached skill level 6 in Axes
  3400 | D:4      | Reached XP level 6. HP: 16/35 MP: 9/9
  3576 | D:4      | 3576 ||| Stepping ~*~*~tactically~*~*~ (stealth).
  3595 | D:4      | 3595 ||| Stepping ~*~*~tactically~*~*~ (hiding).
  3635 | D:4      | 3635 ||| Stepping ~*~*~tactically~*~*~ (stealth).
  3656 | D:4      | 3656 ||| SWAPPING to +0 war axe.
  3657 | D:4      | 3657 ||| DROPPING +0 hand axe of venom.
  3705 | D:4      | Found a staircase to the Ecumenical Temple.
  3706 | D:4      | 3706 ||| PLANNING TEMPLE
  3706 | D:4      | 3706 ||| READING 2 scrolls of identify.
  3706 | D:4      | 3706 ||| IDENTIFYING grey potion
  3710 | Temple   | Entered the Ecumenical Temple
  3746 | Temple   | Became a worshipper of Warmaster Okawaru
  3886 | Temple   | 3886 ||| PLANNING D:1-11
  3990 | D:4      | 3990 ||| Stepping ~*~*~tactically~*~*~ (stealth).
  3995 | D:4      | 3995 ||| READING scroll of brand weapon.
  3995 | D:4      | 3995 ||| BRANDING +0 war axe.
  4063 | D:4      | 4063 ||| Stepping ~*~*~tactically~*~*~ (stealth).
  4239 | D:4      | Found a radiant altar of Vehumet.
  4591 | D:4      | 4591 ||| READING 3 scrolls labelled DUF XIMAGIT.
  4592 | D:4      | 4592 ||| READING scroll labelled DURES VOR GIOR.
  4693 | D:4      | 4693 ||| DROPPING 2 scrolls of poison.
  4719 | D:5      | Entered Level 5 of the Dungeon
  4719 | D:5      | Noticed Dowan
  4719 | D:5      | Found the +1 Delatra's gloves {ID++}
  4720 | D:5      | 4720 ||| Stepping ~*~*~tactically~*~*~ (hiding).
  4720 | D:5      | Noticed Duvessa
  4728 | D:5      | HP: 3/35 [iguana (8)]
  4728 | D:5      | Slain by Duvessa

Levels and vault maps discovered:
D:1:      dpeg_arrival_round_b, layout_loops_ring,
          dreamdust_ecumenical_altar_grove, minmay_rat_gold_closets
D:2:      layout_rooms, serial_shops, nicolae_shop_hallway_plus,
          nicolae_hexahallways, hangedman_feature_mirror
D:3:      layout_basic, mainiacjoe_overflow_catwalk_spiral
D:4:      layout_loops_ring, vehumet_statue, minmay_temple_entry_grid,
          serial_aquarium, aquarium_bridge_straight [aquarium_subvault_bridge,
          aquarium_subvault_window, aquarium_subvault_bridge,
          aquarium_subvault_wall], aquarium_window_fake, aquarium_window_fake,
          aquarium_window_1, aquarium_view_2c, aquarium_view_2c,
          aquarium_pool_corner
D:5:      layout_rooms, overflow_temple_1_default, serial_rivers,
          chequers_serial_rivers_marsh, chequers_serial_rivers_marsh,
          chequers_serial_rivers_small_b, chequers_serial_rivers_small_b,
          chequers_serial_rivers_micro_d, uniq_duvessa, uniq_pikel,
          uniq_menkaure, uniq_crazy_yiuf_cottage
Temple:   jpeg_temple_alley_garden

Skill      XL: |  1  2  3  4  5 |
---------------+----------------+-----
Axes           | 3 4 5 6 |  6.6
Shields        | 1 |  1.5
Armour         | 2 |  2.4
Fighting       | |  2.0
Throwing       | |  1.0
Dodging        | |  2.1
Spellcasting   | |  2.0
Translocations | |  2.4

Action                   |  1- 3 |  4- 6 || total
-------------------------+-------+-------++-------
Melee: Hand axe          |    89 |   122 ||   211
       Kick              |    16 |    40 ||    56
       Peck              |    13 |    30 ||    43
       Punch             |     1 |       ||     1
       War axe           |       |    29 ||    29
Throw: Boomerang         |     7 |    22 ||    29
  Use: Scroll            |     4 |     7 ||    11
       Potion            |       |     7 ||     7
Armor: Leather armour    |     9 |       ||     9
       Chain mail        |    26 |    80 ||   106
Dodge: Dodged            |    38 |    29 ||    67
Block: Buckler           |       |    20 ||    20

Table legend:
 A = Non-vault XP
 B = Vault XP
 C = Vault XP percentage of total XP
 D = Non-vault monster count
 E = Vault monster count
 F = Vault count percentage of total count
                 A         B        C        D         E       F
            +---------+---------+-------+---------+---------+-------
      Total |     440 |      41 |   8.5 |      76 |      10 |  11.6
            +---------+---------+-------+---------+---------+-------
        D:1 |      41 |       7 |  14.6 |      24 |       7 |  22.6
        D:2 |      79 |       2 |   2.5 |      21 |       2 |   8.7
        D:3 |     105 |       0 |   0.0 |      15 |       0 |   0.0
        D:4 |     215 |      32 |  13.0 |      16 |       1 |   5.9
            +---------+---------+-------+---------+---------+-------
